MID
GREAT LAKES LOONS @ AUGUSTA GREENJACKETS
04/11/2049
 
TOP OF THE 1ST
Great Lakes Loons batting - Pitching for Augusta GreenJackets : LHP Robert Soto
Pitching: LHP Robert Soto
Batting: SHB Javy Franco 0-0: Ball
1-0: Foul Ball, location: 2F
1-1: SINGLE (Line Drive, 5D, EV 93.8 MPH)
Batting: RHB Brad Brady 0-0: DOUBLE (Flyball, 78D, EV 113.1 MPH)
Javy Franco to third
Batting: RHB Adam Maczko 0-0: Called Strike
0-1: Fly out, F9 (Flyball, 9LM, EV 101.2 MPH)
Runner from 3rd tags up, SCORES, no throw by RF
Brad Brady to third
Batting: RHB David Watkins 0-0: Swinging Strike
0-1: Fly out, F8 (Flyball, 8LXD, EV 100.0 MPH)
Runner from 3rd tags up, SCORES, no throw by CF
Batting: RHB Jonathan Sotelo 0-0: Ball
1-0: Foul Ball, location: 2F
1-1: Ball
2-1: Ground out 6-3 (Groundball, 6, EV 103.8 MPH)
Top of the 1st over - 2 runs, 2 hits, 0 errors, 0 left on base; Great Lakes 2 - Augusta 0
BOTTOM OF THE 1ST
Augusta GreenJackets batting - Pitching for Great Lakes Loons : LHP Cao-Ky Trieu
Pitching: LHP Cao-Ky Trieu
Batting: RHB Gary Sampson 0-0: SINGLE (Groundball, 6MD, EV 99.4 MPH)
Batting: RHB Armando Ramirez 0-0: Fielders Choice at 2nd, 5-4 (Groundball, 5S, EV 95.0 MPH)
Batting: RHB Antonio Lara 0-0: Called Strike
0-1: Fly out, F9 (Flyball, 89S, EV 96.2 MPH)
Batting: SHB Louie Horne 0-0: Foul Ball, location: 2F
0-1: Called Strike
Armando Ramirez steals 2nd base (no throw)
0-2: Strikes out swinging
Bottom of the 1st over - 0 runs, 1 hit, 0 errors, 1 left on base; Great Lakes 2 - Augusta 0
TOP OF THE 2ND
Great Lakes Loons batting - Pitching for Augusta GreenJackets : LHP Robert Soto
Batting: RHB Perry Dominey 0-0: Ball
1-0: Ball
2-0: Ball
3-0: Called Strike
3-1: Called Strike
3-2: Foul Ball, location: 2F
3-2: Strikes out swinging
Batting: RHB Jerry Blas 0-0: Ball
1-0: Ball
2-0: Foul Ball, location: 2F
2-1: SINGLE (Groundball, 6MD, EV 102.5 MPH)
Batting: LHB Bobby Gonzalez 0-0: Swinging Strike
0-1: Ball
1-1: Fly out, F9 (Flyball, 9S, EV 80.0 MPH)
Batting: LHB Randy Boone 0-0: Foul Ball, location: 2F
0-1: Foul Ball, location: 2F
0-2: Ball
1-2: SINGLE (Line Drive, 3D, EV 96.9 MPH)
Jerry Blas to second
Runner from 2nd tries for 3rd, SAFE, throw by RF made to third
Batting: SHB Javy Franco 0-0: Ball
1-0: Ball
2-0: Ball
3-0: Called Strike
3-1: Base on Balls
Randy Boone to second
Batting: RHB Brad Brady 0-0: Ball
1-0: Ground out 4-3 (Groundball, 4, EV 94.4 MPH)
Top of the 2nd over - 0 runs, 2 hits, 0 errors, 3 left on base; Great Lakes 2 - Augusta 0
BOTTOM OF THE 2ND
Augusta GreenJackets batting - Pitching for Great Lakes Loons : LHP Cao-Ky Trieu
Batting: LHB Bruce Arvizu 0-0: Ball
1-0: Called Strike
1-1: Foul Ball, location: 2F
1-2: Ball
2-2: Foul Ball, location: 2F
2-2: TRIPLE (Groundball, 3L, EV 103.8 MPH)
Batting: LHB Oscar Tamayo 0-0: Ball
1-0: Ball
2-0: Ball
3-0: Called Strike
3-1: Fly out, F8 (Flyball, 8RD, EV 84.4 MPH)
Runner from 3rd tags up, SCORES, throw by CF
Batting: SHB Zack Barton 0-0: Ball
1-0: Foul Ball, location: 2F
1-1: Ground out 4-3 (Groundball, 4, EV 103.1 MPH)
Batting: LHB Gil Caraveo 0-0: Called Strike
0-1: Ball
1-1: Foul Ball, location: 2F
1-2: Ball
2-2: Ball
3-2: Foul Ball, location: 2F
3-2: Foul Ball, location: 2F
3-2: Ground out U3 (Groundball, 34S, EV 90.0 MPH)
Bottom of the 2nd over - 1 run, 1 hit, 0 errors, 0 left on base; Great Lakes 2 - Augusta 1
TOP OF THE 3RD
Great Lakes Loons batting - Pitching for Augusta GreenJackets : LHP Robert Soto
Batting: RHB Adam Maczko 0-0: SINGLE (Groundball, 56D, EV 104.4 MPH)
Batting: RHB David Watkins 0-0: Ball
1-0: Ball
2-0: Fly out, F8 (Line Drive, 89S, EV 86.9 MPH)
Batting: RHB Jonathan Sotelo 0-0: Fielders Choice at 2nd, 6-4 (Groundball, 6, EV 93.8 MPH)
Batting: RHB Perry Dominey 0-0: Fielders Choice at 2nd, 5-4 (Groundball, 56, EV 77.5 MPH)
Top of the 3rd over - 0 runs, 1 hit, 0 errors, 1 left on base; Great Lakes 2 - Augusta 1
BOTTOM OF THE 3RD
Augusta GreenJackets batting - Pitching for Great Lakes Loons : LHP Cao-Ky Trieu
Batting: RHB Ruben Irizarry 0-0: Ball
1-0: Ground out 6-3 (Groundball, 6, EV 103.1 MPH)
Batting: RHB Gary Sampson 0-0: Swinging Strike
0-1: Ball
1-1: Ball
2-1: Foul Ball, location: 2F
2-2: Fly out, F8 (Flyball, 8RD, EV 103.1 MPH)
Batting: RHB Armando Ramirez 0-0: Called Strike
0-1: Fly out, F9 (Flyball, 9, EV 91.9 MPH)
Bottom of the 3rd over - 0 runs, 0 hits, 0 errors, 0 left on base; Great Lakes 2 - Augusta 1
TOP OF THE 4TH
Great Lakes Loons batting - Pitching for Augusta GreenJackets : LHP Robert Soto
Batting: RHB Jerry Blas 0-0: Ball
1-0: Ground out 6-3 (Groundball, 6, EV 82.5 MPH)
Batting: LHB Bobby Gonzalez 0-0: Called Strike
0-1: Ground out U3 (Groundball, 34, EV 108.1 MPH)
Batting: LHB Randy Boone 0-0: Called Strike
0-1: Called Strike
0-2: SINGLE (Groundball, 56D, EV 98.1 MPH)
Batting: SHB Javy Franco 0-0: Called Strike
0-1: Ball
1-1: Ground out 1-3 (Groundball, 34S, EV 71.9 MPH)
Top of the 4th over - 0 runs, 1 hit, 0 errors, 1 left on base; Great Lakes 2 - Augusta 1
BOTTOM OF THE 4TH
Augusta GreenJackets batting - Pitching for Great Lakes Loons : LHP Cao-Ky Trieu
Batting: RHB Antonio Lara 0-0: Ball
1-0: SINGLE (Groundball, 56D, EV 108.1 MPH)
Batting: SHB Louie Horne 0-0: Called Strike
0-1: DOUBLE (Flyball, 9LM, EV 95.0 MPH)
Antonio Lara to third
Batting: LHB Bruce Arvizu 0-0: Ball
1-0: Foul Ball, location: 2F
1-1: Called Strike
1-2: SINGLE (Groundball, 4D, EV 100.6 MPH)
Antonio Lara scores
Louie Horne to third
Batting: LHB Oscar Tamayo 0-0: Called Strike
0-1: Ball
1-1: Fly out, F7 (Flyball, 78M, EV 96.9 MPH)
Runner from 3rd tags up, SCORES, throw by LF
Batting: SHB Zack Barton 0-0: SINGLE (Groundball, 56D, EV 103.1 MPH)
Bruce Arvizu to second
Batting: LHB Gil Caraveo 0-0: Fly out, F8 (Flyball, 8LD, EV 86.9 MPH)
Runner from 2nd tags up, SAFE at 3rd with throw by CF
Batting: RHB Ruben Irizarry 0-0: Ball
1-0: Ground out 1-3 (Groundball, 13S, EV 69.4 MPH)
Bottom of the 4th over - 2 runs, 4 hits, 0 errors, 2 left on base; Great Lakes 2 - Augusta 3
TOP OF THE 5TH
Great Lakes Loons batting - Pitching for Augusta GreenJackets : LHP Robert Soto
Batting: RHB Brad Brady 0-0: Ground out 4-3 (Groundball, 4, EV 83.8 MPH)
Batting: RHB Adam Maczko 0-0: Called Strike
0-1: Ball
1-1: Called Strike
1-2: Fly out, F9 (Line Drive, 9S, EV 96.2 MPH)
Batting: RHB David Watkins 0-0: Ball
1-0: Called Strike
1-1: Called Strike
1-2: Fly out, F7 (Flyball, 7, EV 83.8 MPH)
Top of the 5th over - 0 runs, 0 hits, 0 errors, 0 left on base; Great Lakes 2 - Augusta 3
BOTTOM OF THE 5TH
Augusta GreenJackets batting - Pitching for Great Lakes Loons : LHP Cao-Ky Trieu
Batting: RHB Gary Sampson 0-0: Called Strike
0-1: Ball
1-1: TRIPLE (Flyball, 89XD, EV 101.9 MPH)
Batting: RHB Armando Ramirez 0-0: TRIPLE (Flyball, 89XD, EV 101.2 MPH)
Gary Sampson scores
Batting: RHB Antonio Lara 0-0: Ball
1-0: Ground out 6-3 (Groundball, 6, EV 88.1 MPH)
Batting: SHB Louie Horne 0-0: SINGLE (Groundball, 4MD, EV 103.8 MPH)
Armando Ramirez scores
Pitching: LHP Brian Gardner
Batting: LHB Bruce Arvizu 0-0: Ball
1-0: Fielders Choice at 2nd, 4-6 (Groundball, 4S, EV 88.8 MPH)
Batting: LHB Oscar Tamayo 0-0: Called Strike
0-1: Ball
1-1: Ball
2-1: Fly out, F3 (Popup, 34S, EV 86.9 MPH)
Bottom of the 5th over - 2 runs, 3 hits, 0 errors, 1 left on base; Great Lakes 2 - Augusta 5
TOP OF THE 6TH
Great Lakes Loons batting - Pitching for Augusta GreenJackets : LHP Robert Soto
Batting: RHB Jonathan Sotelo 0-0: Called Strike
0-1: Ball
1-1: Ball
2-1: DOUBLE (Groundball, 5L, EV 106.9 MPH)
Batting: RHB Perry Dominey 0-0: Ball
1-0: Ball
2-0: Ground out 6-3 (Groundball, 6, EV 89.4 MPH)
Batting: RHB Jerry Blas 0-0: Ball
1-0: Foul Ball, location: 2F
1-1: Swinging Strike
1-2: Ball
2-2: SINGLE (Groundball, 56D, EV 95.0 MPH)
Jonathan Sotelo to third
Pitching: RHP Hiroaki Yazawa
Batting: LHB Bobby Gonzalez 0-0: Ball
1-0: Fielders Choice at 2nd, U6 (Groundball, 4M, EV 95.0 MPH)
Jonathan Sotelo scores
Batting: LHB Randy Boone 0-0: Called Strike
0-1: Foul Ball, location: 2F
0-2: Fielders Choice at 2nd, 6-4 (Groundball, 6, EV 83.8 MPH)
Top of the 6th over - 1 run, 2 hits, 0 errors, 1 left on base; Great Lakes 3 - Augusta 5
BOTTOM OF THE 6TH
Augusta GreenJackets batting - Pitching for Great Lakes Loons : LHP Brian Gardner
Batting: SHB Zack Barton 0-0: Called Strike
0-1: Reached on error, E5 (Groundball, 56, EV 86.2 MPH)
Batting: LHB Gil Caraveo 0-0: Ball
1-0: Foul Ball, location: 2F
1-1: Hit by Pitch
Zack Barton to second
Batting: RHB Ruben Irizarry 0-0: Ball
1-0: Ball
2-0: Called Strike
2-1: Fly out, F7 (Flyball, 78M, EV 81.2 MPH)
Batting: RHB Gary Sampson 0-0: Reached on error, E5 (Groundball, 56S, EV 66.9 MPH)
Zack Barton to third
Gil Caraveo to second
Batting: RHB Armando Ramirez 0-0: Ball
1-0: Called Strike
1-1: Grounds into fielders choice 5-2 (Groundball, 5S, EV 86.9 MPH)
Gil Caraveo to third
Gary Sampson to second
Batting: RHB Antonio Lara 0-0: Swinging Strike
0-1: Foul Ball, location: 2F
0-2: Ground out 6-3 (Groundball, 56, EV 110.6 MPH)
Bottom of the 6th over - 0 runs, 0 hits, 2 errors, 3 left on base; Great Lakes 3 - Augusta 5
TOP OF THE 7TH
Great Lakes Loons batting - Pitching for Augusta GreenJackets : RHP Hiroaki Yazawa
Pitching: LHP Ricky Coats
Batting: SHB Javy Franco 0-0: Ball
1-0: Called Strike
1-1: Ball
2-1: Called Strike
2-2: Ball
3-2: Foul Ball, location: 2F
3-2: Base on Balls
Batting: RHB Brad Brady 0-0: Ground out 5-3 (Groundball, 56, EV 100.0 MPH)
Javy Franco to second
Batting: RHB Adam Maczko 0-0: Fly out, F9 (Flyball, 9S, EV 92.5 MPH)
Batting: RHB David Watkins 0-0: Ball
1-0: Called Strike
1-1: Ball
2-1: Foul Ball, location: 2F
2-2: Ball
3-2: DOUBLE (Line Drive, 89M, EV 104.4 MPH)
Javy Franco scores
Batting: RHB Jonathan Sotelo 0-0: SINGLE (Line Drive, 4MD, EV 96.9 MPH)
David Watkins to third
Batting: RHB Perry Dominey 0-0: Swinging Strike
0-1: Swinging Strike
0-2: Ball
1-2: Ball
2-2: Ball
3-2: Foul Ball, location: 2F
3-2: Foul Ball, location: 2F
3-2: Foul Ball, location: 2F
3-2: Strikes out swinging
Top of the 7th over - 1 run, 2 hits, 0 errors, 2 left on base; Great Lakes 4 - Augusta 5
BOTTOM OF THE 7TH
Augusta GreenJackets batting - Pitching for Great Lakes Loons : LHP Brian Gardner
Pitching: RHP Chris Moody
Batting: SHB Louie Horne 0-0: Ball
1-0: Ground out 6-3 (Groundball, 6, EV 86.2 MPH)
Batting: LHB Bruce Arvizu 0-0: Ball
1-0: Called Strike
1-1: Ball
2-1: Ball
3-1: Foul Ball, location: 2F
3-2: Base on Balls
Batting: LHB Oscar Tamayo 0-0: Ball
Bruce Arvizu steals 2nd, throwing error, E2
Bruce Arvizu to third
1-0: Intentional Walk
Batting: SHB Zack Barton 0-0: Foul Ball, location: 2F
0-1: Fly out, F8 (Line Drive, 78M, EV 105.0 MPH)
Runner from 3rd tags up, SCORES, throw by CF
Batting: LHB Gil Caraveo 0-0: Ball
1-0: Foul Ball, location: 2F
1-1: Fly out, F9 (Flyball, 9, EV 87.5 MPH)
Bottom of the 7th over - 1 run, 0 hits, 1 error, 1 left on base; Great Lakes 4 - Augusta 6
TOP OF THE 8TH
Great Lakes Loons batting - Pitching for Augusta GreenJackets : LHP Ricky Coats
Pitching: RHP Ted Splawn
Batting: RHB Jerry Blas 0-0: Ball
1-0: Swinging Strike
1-1: Ball
2-1: DOUBLE (Line Drive, 89D, EV 102.5 MPH)
Batting: LHB Bobby Gonzalez Balk!
Jerry Blas to third
0-0: Foul Ball, location: 2F
0-1: Swinging Strike
0-2: Foul Ball, location: 2F
0-2: Strikes out swinging
Batting: LHB Randy Boone 0-0: Ground out 4-3 (Groundball, 34, EV 90.0 MPH)
Jerry Blas scores
Batting: SHB Javy Franco 0-0: Ball
1-0: Ball
2-0: Ball
3-0: Called Strike
3-1: Foul Ball, location: 2F
3-2: Strikes out swinging
Top of the 8th over - 1 run, 1 hit, 0 errors, 0 left on base; Great Lakes 5 - Augusta 6
BOTTOM OF THE 8TH
Augusta GreenJackets batting - Pitching for Great Lakes Loons : RHP Chris Moody
Batting: RHB Ruben Irizarry 0-0: Foul Ball, location: 2F
0-1: Ball
1-1: Called Strike
1-2: Foul Ball, location: 2F
1-2: Ball
2-2: Foul Ball, location: 2F
2-2: TRIPLE (Line Drive, 89XD, EV 106.9 MPH)
Batting: RHB Gary Sampson 0-0: Ball
1-0: Ball
2-0: Ball
3-0: Base on Balls
Batting: RHB Armando Ramirez 0-0: Ground out 5-3 (Groundball, 56S, EV 89.4 MPH)
Gary Sampson to second
Batting: RHB Antonio Lara 0-0: Swinging Strike
0-1: Ball
1-1: Foul Ball, location: 2F
1-2: Ball
2-2: Strikes out swinging
Batting: SHB Louie Horne 0-0: Ground out 3-1 (Groundball, 13, EV 85.6 MPH)
Bottom of the 8th over - 0 runs, 1 hit, 0 errors, 2 left on base; Great Lakes 5 - Augusta 6
TOP OF THE 9TH
Great Lakes Loons batting - Pitching for Augusta GreenJackets : RHP Ted Splawn
Pitching: RHP Ricky Fo
Batting: RHB Brad Brady 0-0: Ball
1-0: Foul Ball, location: 2F
1-1: Ground out 4-3 (Groundball, 4M, EV 79.4 MPH)
Batting: RHB Adam Maczko 0-0: Called Strike
0-1: Ball
1-1: Called Strike
1-2: Strikes out swinging
Batting: RHB David Watkins 0-0: Swinging Strike
0-1: Ball
1-1: Swinging Strike
1-2: SINGLE (Groundball, 56S, EV 98.1 MPH)
Batting: RHB Jonathan Sotelo 0-0: Called Strike
0-1: Ball
1-1: Ball
2-1: Swinging Strike
2-2: Foul Ball, location: 2F
2-2: Foul Ball, location: 2F
2-2: Ball
3-2: Foul Ball, location: 2F
3-2: Strikes out looking
Top of the 9th over - 0 runs, 1 hit, 0 errors, 1 left on base; Great Lakes 5 - Augusta 6
Sunday, July 16th , 2023 - OOTP Baseball 24.6 Build 69